 Dungeon Crawl Stone Soup version 0.28-a0-1524-ge72afd5fc6 (webtiles) character file.

Game seed: 3575057672315778209

506990 shadowrider38 the Conqueror (level 25, -10/226 (234) HPs)
             Began as a Merfolk Fighter on Jan 17, 2022.
             Was the Champion of Trog.
             Mangled by a shadow dragon (23 damage)
             ... on level 1 of the Realm of Zot.
             The game lasted 02:22:47 (87369 turns).

shadowrider38 the Conqueror (Merfolk Fighter)      Turns: 87369, Time: 02:22:48

HP:   -10/226 (234) AC: 28    Str: 24    XL:     25   Next: 2%
MP:   32/32         EV: 19    Int: 12    God:    Trog [******]
Gold: 3535          SH: 28    Dex: 14    Spells: 24/24 levels left

rFire   + + .      SeeInvis .   a - +6 demon trident (elec)
rCold   + . .      Faith    +   B - +6 tower shield
rNeg    + + .      Spirit   .   S - +6 faerie dragon scales {Regen+ rCorr Int+3}
rPois   +          Reflect  .   Y - -2 hat of the Alchemist {rElec rPois rF+ rC+ rN+ Will+ rMut rCorr}
rElec   +          Harm     .   I - +2 cloak {Will+}
rCorr   +          Rampage  .   Q - +2 pair of gloves "Jeqei" {Contam rN+ MP+9}
rMut    +                       p - +2 pair of boots
Will    ++++.                   L - amulet "Odghob" {Faith Will+ Regen+}
Stlth   +.........              A - ring of protection from fire
HPRegen 2.07/turn               V - +4 ring of protection
MPRegen 0.23/turn

@: on berserk cooldown, slowed, constricted, studying Short Blades, lightly
drained, very slow
A: (nimble swimmer 2), mertail, clumsy 1, wild magic 1, noise suppression
}: 3/15 runes: barnacled, silver, gossamer
a: Renounce Religion, Berserk, Trog's Hand, Brothers in Arms


You were on level 1 of the Realm of Zot.
You worshipped Trog.
Trog was exalted by your worship.
You visited 10 branches of the dungeon, and saw 44 of its levels.
You visited the Abyss 1 time.
You also visited: Ice Cave.

You collected 6332 gold pieces.
You spent 2797 gold pieces at shops.

Inventory:

Hand Weapons
 a - a +6 demon trident of electrocution (weapon)
 b - the +8 trident of the Evening {flame, rPois Str+3}
   (Trog gifted it to you in an ice cave)

   It burns those it strikes, dealing additional fire damage.
   Str:       It affects your strength (+3).
   rPois:     It protects you from poison.
Missiles
 h - 3 curare-tipped darts
 l - 10 throwing nets (quivered)
Armour
 p - a +2 pair of boots (worn)
 B - a +6 tower shield (worn)
 I - a +2 cloak of willpower (worn)
 Q - the +2 pair of gloves "Jeqei" (worn) {Contam rN+ MP+9}
   (You found it on level 5 of the Vaults)

   rN:        It protects you from negative energy.
   MP:        It affects your magic capacity (+9).
   Contam:    It causes magical contamination when unequipped.
 S - the +6 faerie dragon scales (worn) {Regen+ rCorr Int+3}
   (You took it off the Enchantress on level 3 of the Depths)

   Int:       It affects your intelligence (+3).
   Regen:     It increases your rate of health regeneration.
   rCorr:     It protects you from acid and corrosion.
 Y - the -2 hat of the Alchemist (worn) {rElec rPois rF+ rC+ rN+ Will+ rMut rCorr}
   (You bought it in a shop on level 9 of the Dungeon)

   rF:        It protects you from fire.
   rC:        It protects you from cold.
   rElec:     It insulates you from electricity.
   rPois:     It protects you from poison.
   rN:        It protects you from negative energy.
   rCorr:     It protects you from acid and corrosion.
   rMut:      It protects you from mutation.
   Will:      It increases your willpower.
 Z - a +2 helmet of see invisible
Jewellery
 A - a ring of protection from fire (left hand)
 L - the amulet "Odghob" (around neck) {Faith Will+ Regen+}
   (You took it off a merfolk on level 4 of the Shoals)

   [amulet of faith]

   It allows you to gain divine favour quickly.
   Regen:     It increases your rate of health regeneration.
   Will:      It increases your willpower.
 N - a ring of flight
 V - a +4 ring of protection (right hand)
 X - the ring "Paguthru" {rElec rC+ AC+4 SInv}
   (You found it on level 5 of the Vaults)

   [ring of protection]

   AC:        It affects your AC (+4).
   rC:        It protects you from cold.
   rElec:     It insulates you from electricity.
   SInv:      It lets you see invisible.
Wands
 n - a wand of flame (49)
 w - a wand of digging (7)
 y - a wand of acid (33)
 G - a wand of paralysis (32)
 J - a wand of iceblast (19)
 U - a wand of polymorph (15)
Scrolls
 e - 3 scrolls of teleportation
 j - 5 scrolls of blinking
 k - 5 scrolls of fog
 o - 4 scrolls of silence
 q - 3 scrolls of fear
 s - 2 scrolls of torment
 u - 4 scrolls of holy word
 v - 9 scrolls of magic mapping
 x - 4 scrolls of vulnerability
 C - 2 scrolls of summoning
 D - 7 scrolls of immolation
 M - 3 scrolls of brand weapon
Potions
 c - 4 potions of invisibility
 d - 5 potions of might
 g - 2 potions of resistance
 i - 5 potions of attraction
 m - 2 potions of berserk rage
 r - 2 potions of ambrosia
 t - 8 potions of cancellation
 z - 4 potions of magic
 F - 6 potions of lignification
 H - 10 potions of curing
 K - 11 potions of mutation
 O - 9 potions of heal wounds
 R - 2 potions of haste
 T - a potion of flight
Miscellaneous
 f - a phantom mirror
 E - a condenser vane
 P - a piece from Xom's chessboard (15/15)
 W - a tin of tremorstones (2/2)


   Skills:
 O Level 27 Fighting
 - Level 5.9 Maces & Flails
 - Level 16.0 Polearms
 + Level 14.5 Armour
 + Level 22.9 Dodging
 + Level 21.0 Shields
 - Level 12.0 Evocations


You had 24 spell levels left.
You didn't know any spells.
Your spell library contained the following spells:

 Spells                   Type           Power      Damage    Failure   Level
 Foxfire                  Conj/Fire      0%         2x1d4     67%         1
 Magic Dart               Conj           0%         1d3       67%         1
 Call Imp                 Summ           0%         N/A       80%         2
 Conjure Flame            Conj/Fire      0%         6-21      95%         3
 Inner Flame              Hex/Fire       0%         N/A       95%         3
 Mephitic Cloud           Conj/Pois/Air  0%         N/A       95%         3
 Flame Wave               Conj/Fire      0%         2d4       100%        4


Dungeon Overview and Level Annotations

Branches:
Dungeon (15/15)            Temple (1/1) D:7            Lair (6/6) D:9
 Shoals (4/4) Lair:3       Spider (4/4) Lair:2        Slime (0/5) Lair:6
    Orc (2/2) D:11            Elf (2/3) Orc:2        Vaults (5/5) D:13
  Crypt (0/3) Vaults:2     Depths (4/4) D:15            Zot (1/5) Depths:4
  IceCv (visited)

Altars:
Ashenzari
Cheibriados
Dithmenos
Elyvilon
Fedhas
Gozag
Hepliaklqana
Kikubaaqudgha
Makhleb
Nemelex Xobeh
Okawaru
Qazlal
Ru
Sif Muna
Trog
Uskayaw
Vehumet
Wu Jian
Xom
Yredelemnul
Zin
The Shining One
Beogh

Shops:
D:1 :   D:9 [   D:11 (   Orc:2 !(:(   Vaults:4 :

Portals:
Hell: Depths:1 Depths:2 Depths:3 Depths:4
Abyss: Depths:3
Pandemonium: Depths:2
Ziggurat: Depths:1

Annotations:
D:5 3 runed translucent doors, psuckher's ghost, weakling BaDe
Elf:2 3 runed translucent doors
Depths:1 exclusions: eye of devastation and 3 shining eyes


Innate Abilities, Weirdness & Mutations

((You are very nimble when in or above water. (Stealth+, EV+, Speed+++)))
Your lower body shifts to a powerful aquatic tail in water.
You are clumsy. (Dex -2)
Your spells are a little harder to cast, but a little more powerful.
You passively dampen the noise of your surroundings.


Message History

The tentacled monstrosity constricts you.
Unknown command.
Unknown command.
Unknown command.
You feel much better. You block the shadow dragon's attack.
The shadow dragon closely misses you. You block the shadow dragon's attack.
You block the tentacled monstrosity's attack.
The tentacled monstrosity closely misses you.
The tentacled monstrosity barely misses you.
The tentacled monstrosity constricts you.
* * * LOW HITPOINT WARNING * * *
The moth of wrath barely misses you. The shadow dragon closely misses you.
The shadow dragon claws you but does no damage.
You block the shadow dragon's attack.
The tentacled monstrosity tentacle-slaps you but does no damage.
The tentacled monstrosity tentacle-slaps you!!
* * * LOW HITPOINT WARNING * * *
The tentacled monstrosity tentacle-slaps you but does no damage.
The tentacled monstrosity constricts you.
You block the moth of wrath's attack.
Okay, then.
As you read the scroll of summoning, it crumbles to dust.
Wisps of shadow whirl around you...
You block the shadow dragon's attack. x2
The shadow dragon completely misses you.
You block the tentacled monstrosity's attack.
The tentacled monstrosity tentacle-slaps you but does no damage.
You block the tentacled monstrosity's attack.
The tentacled monstrosity constricts you.
* * * LOW HITPOINT WARNING * * *
The shadow dragon closely misses you. The shadow dragon claws you.
* * * LOW HITPOINT WARNING * * *
The shadow dragon claws you!
* * * LOW HITPOINT WARNING * * *
The moth of wrath bites you but does no damage.
You block the tentacled monstrosity's attack.
The tentacled monstrosity tentacle-slaps you but does no damage. x2
The tentacled monstrosity constricts you.
* * * LOW HITPOINT WARNING * * *
The shadow dragon bites you!!
You die...

**,*,,,,**,,**,,,,,,,,,,,,,,,,,,,
,********,,*********,,,*******,,,
** *,,,* **,,*******,,, *
*****,,,* #### *,,,,,,,,,,,, *
**,,***,,**##..## *,,,,,,,,,,,, *
*,,,,***,,*#....# ************* *
*,,,,,*#,,*#....# ************* *
*,,,,,,##..#.DX.# *,,,,,,,,,,,, *
*,>,,,,y#.....@.# *,,,,,,,,,,,, *
*,,,,*,)##...dy.# *,,,,,,,***** *
*,,,,**.X##.D.D.# *,,,,,,** *
*,,,,**..###....# *,,,,,,****** *
**,,***#..*##..## *,,,,,,,,,,,, *
**** #.,,*#### *,,,,,******* *
#*,** **,,,,,*
***********,********,,,,,,*******
,,,,,,,,,,,,,,,,,,,,,,,,,,,,,,,,,


You could see a shadow dragon (berserk), 2 tentacled monstrosities, 2 moths of
wrath, a friendly white draconian (summoned) and 2 friendly quicksilver dragons.

Vanquished Creatures
  A dread lich (Vaults:4)
  An ancient lich (Vaults:5)
  A juggernaut (Depths:2)
  Boris (Vaults:4)
  Saint Roka (Depths:4)
  2 caustic shrikes
  2 golden dragons
  the Enchantress (Depths:3)
  A bone dragon (Depths:4)
  Arachne (Spider:4)
  3 tentacled monstrosities
  Rupert (Orc:2)
  Jorgrun (D:15)
  3 liches
  3 titans
  4 acid blobs
  5 sphinxes
  2 quicksilver dragons (Vaults:5)
  2 tentacled starspawn (Abyss:2)
  Kirke (D:15)
  8 tengu reavers
  Donald (Vaults:4)
  4 storm dragons
  7 shadow dragons
  7 azure jellies
  4 rockslimes
  Ilsuiw (Shoals:1)
  9 fire giants
  5 emperor scorpions
  Louise (Shoals:3)
  13 vault wardens
  5 frost giants
  A draconian knight (IceCv)
  3 deep elf sorcerers
  8 ghost moths
  An orc warlord (Vaults:3)
  A ghoul (Vaults:2)
  20 ironbound preservers
  A balrug (Depths:1)
  A draconian stormcaller (Depths:4)
  6 caustic shrike skeletons (Depths:3)
  22 very ugly things
  4 spriggan defenders (Depths:3)
  4 ironbound thunderhulks
  A draconian annihilator (Depths:4)
  A vampire knight (Depths:2)
  3 broodmothers
  9 stone giants
  A green draconian (Depths:4)
  A black draconian (Depths:4)
  Azrael (D:15)
  2 eleionomae (Depths:3)
  5 entropy weavers
  The ghost of flotson the Fighter, a journeyman DsGl of Gozag (Lair:4)
  7 white draconians
  A deep elf annihilator (Vaults:2)
  A purple draconian (Depths:4)
  2 yellow draconians (Depths:4)
  14 dire elephants
  3 spark wasps
  A deep elf death mage (Vaults:5)
  6 merfolk javelineers
  6 merfolk impalers
  An eidolon (Abyss:2)
  7 great orbs of eyes
  14 ettins
  A jiangshi (Vaults:2)
  14 yaktaur captains
  A crystal guardian (Vaults:2)
  8 fire dragons
  5 ice dragons
  12 hydras
  A peacekeeper (Vaults:2)
  3 rakshasas
  3 boulder beetles
  4 deep elf high priests
  31 vault guards
  2 ogre magi (Vaults:5)
  An anaconda (Depths:3)
  A merfolk avatar (Shoals:4)
  5 spriggan air magi
  A radroach (Spider:3)
  5 catoblepae
  10 ironbound frosthearts
  2 jorogumos
  2 alligator snapping turtles (Shoals:4)
  30 centaur warriors
  4 merfolk aquamancers
  The ghost of sirJeffrey23 the Severer, a novice HOGl of Beogh (D:8)
  6 two-headed ogres
  2 satyrs (Shoals:4)
  A deep troll shaman (Depths:2)
  A thrashing horror (Abyss:2)
  A vampire mage (Vaults:2)
  4 deep troll earth magi
  9 spriggan berserkers
  16 death yaks
  6 hell knights
  10 dancing weapons
  4 orc high priests
  5 tengu warriors
  6 deep elf knights
  2 wretched stars (Abyss:2)
  4 sun moths
  An iron troll (Depths:2)
  2 salamander mystics (Depths:1)
  8 pharaoh ants
  A skeletal warrior (Vaults:2)
  A death drake (Abyss:2)
  2 flayed ghosts
  A sea snake (shapeshifter) (Vaults:4)
  52 deep trolls
  13 sea snakes
  4 orb spiders
  2 steelbarb worms
  5 spriggan druids (Depths:3)
  A shadow dragon zombie (Vaults:3)
  4 glowing orange brains
  An orange crystal statue (IceCv)
  A tengu zombie (Vaults:1)
  8 necromancers
  10 orc knights
  Pikel (D:9)
  4 deep elf archers (Elf:1)
  15 deep elf zephyrmancers
  8 wizards
  A lindwurm (shapeshifter) (Vaults:3)
  16 ironbound convokers
  13 deep elf pyromancers
  13 harpies
  11 lindwurms
  33 ugly things
  A shadow dragon skeleton (Vaults:3)
  8 cyclopes
  25 wolf spiders
  14 manticores
  A salamander (shapeshifter) (Vaults:5)
  5 salamanders (Depths:1)
  A manticore (shapeshifter) (Vaults:5)
  A will-o-the-wisp (Abyss:2)
  6 orc sorcerers
  13 fauns
  2 oklob plants (Lair:6)
  Maurice (D:8)
  3 moths of wrath
  2 human skeletons
  5 water nymphs
  Joseph (D:8)
  A rust devil (Abyss:2)
  4 smoke demons
  14 vault sentinels
  4 elephants (Lair:6)
  2 gargoyles
  5 torpor snails
  8 merfolk sirens
  6 black mambas
  7 storm dragon simulacra (IceCv)
  An eye of devastation (shapeshifter) (Vaults:5)
  3 orange demons (D:12)
  3 unseen horrors
  17 cane toads
  A kobold demonologist (D:13)
  3 rime drakes
  Psyche (D:9)
  7 demonic crawlers
  A yaktaur zombie (Vaults:3)
  7 komodo dragons
  42 yaktaurs
  2 efreet
  5 freezing wraiths
  An ice devil (Abyss:2)
  Maggie (D:9)
  6 tengu conjurers
  9 polar bears
  A merfolk (shapeshifter) (Vaults:5)
  4 golden dragon simulacra (IceCv)
  4 trolls
  35 merfolk
  28 tarantellas
  3 wind drakes
  A slime creature (shapeshifter) (Vaults:5)
  A raiju (Abyss:2)
  17 blink frogs
  38 slime creatures
  A wolf spider simulacrum (D:15)
  26 hornets
  11 snapping turtles
  A tengu simulacrum (Vaults:1)
  A frost giant simulacrum (Vaults:1)
  A raiju (shapeshifter) (Vaults:5)
  13 dream sheep
  16 jumping spiders
  A centaur simulacrum (D:15)
  A vampire (D:13)
  11 culicivoras
  5 large abominations (Abyss:2)
  57 spriggans
  A ynoxinul (Abyss:2)
  2 air elementals
  14 water elementals
  A spriggan (shapeshifter) (Vaults:5)
  An ettin skeleton (Vaults:3)
  5 wyverns
  A hog (D:15)
  5 basilisks
  Grum (D:8)
  31 yaks
  2 wraiths
  A chaos spawn (Abyss:2)
  6 fire elementals
  66 redbacks
  3 wargs
  7 vampire mosquitoes
  A neqoxec (Abyss:2)
  19 water moccasins
  2 floating eyes
  3 hell hounds
  2 sky beasts
  40 orc warriors
  An ice beast (D:7)
  3 ice dragon simulacra (IceCv)
  4 black bears
  3 ogres
  An orc zombie (Vaults:1)
  3 necrophages (D:5)
  27 wolves
  7 boggarts
  3 lemures
  14 centaurs
  2 phantoms
  2 kobold brigands
  4 human zombies (Vaults:3)
  18 bullfrogs
  9 scorpions
  A wyvern skeleton (D:7)
  A gnoll sergeant (D:10)
  7 small abominations (Abyss:2)
  2 water moccasin zombies
  A water moccasin skeleton (D:6)
  7 lindwurm simulacra (IceCv)
  An oklob sapling (D:7)
  5 wights (D:8)
  9 killer bees
  9 electric eels
  A howler monkey (D:7)
  3 centaur zombies
  2 hounds (D:5)
  A jelly (D:5)
  19 orc priests
  An iron imp (Abyss:2)
  5 iguanas
  29 orc wizards
  A hell rat (Lair:2)
  A hound skeleton (D:2)
  4 gnolls (D:10)
  3 adders
  A shadow imp (D:6)
  3 white imps
  2 adder skeletons (D:4)
  A worm (D:4)
  4 dart slugs
  82 orcs
  6 ball pythons
  6 bats
  4 endoplasms
  A giant cockroach (D:3)
  4 goblins
  3 hobgoblins
  4 jackals (D:1)
  7 quokkas
  4 frilled lizards
  17 kobolds
  A quokka skeleton (D:4)
  5 rats
1828 creatures vanquished.

Vanquished Creatures (collateral kills)
  An ancient lich (Abyss:2)
  A wretched star (Abyss:2)
  A smoke demon (Abyss:2)
  A demonic crawler (Abyss:2)
  A quasit (Abyss:2)
5 creatures vanquished.

Vanquished Creatures (others)
  3 wizards
  An ironbound convoker (Vaults:4)
  A deep elf zephyrmancer (Elf:1)
  A deep elf pyromancer (Elf:1)
  A tarantella (Spider:1)
  A boggart (Vaults:2)
  12 foxfires (Abyss:2)
  44 fungi
  307 plants
  12 starspawn tentacles (Abyss:2)
383 creatures vanquished.

Grand Total: 2216 creatures vanquished

Notes
Turn   | Place    | Note
-------+----------+-------------------------------------------
     0 | D:1      | shadowrider38 the Merfolk Fighter began the quest for the
                  | Orb.
     0 | D:1      | Reached XP level 1. HP: 18/18 MP: 1/1
   208 | D:1      | Reached XP level 2. HP: 23/24 MP: 2/2
   240 | D:1      | Found a faded altar of an unknown god.
   524 | D:1      | Reached XP level 3. HP: 30/30 MP: 3/3
   684 | D:1      | Found Xiotyux's Book Boutique.
  1078 | D:2      | Reached skill level 5 in Polearms
  1171 | D:2      | Reached skill level 4 in Fighting
  1171 | D:2      | Reached XP level 4. HP: 36/37 MP: 4/4
  2451 | D:3      | Noticed a phantom
  2480 | D:3      | Killed a phantom
  2481 | D:3      | Reached XP level 5. HP: 26/43 MP: 5/5
  3149 | D:4      | Found a hide-covered altar of Uskayaw.
  3195 | D:4      | Found an ornate altar of the Wu Jian Council.
  3336 | D:5      | Entered Level 5 of the Dungeon
  3388 | D:5      | Noticed a necrophage
  3403 | D:5      | Killed a necrophage
  3404 | D:5      | Reached skill level 5 in Fighting
  3404 | D:5      | Reached XP level 6. HP: 43/51 MP: 4/6
  3616 | D:5      | Found a white marble altar of Elyvilon.
  3633 | D:5      | Found a runed translucent gate.
  3633 | D:5      | Found a runed translucent gate.
  3633 | D:5      | Found a runed translucent gate.
  3644 | D:5      | Noticed a necrophage
  3666 | D:5      | Killed a necrophage
  3667 | D:5      | Reached XP level 7. HP: 56/56 MP: 7/7
  3847 | D:5      | Reached skill level 6 in Fighting
  3905 | D:5      | Noticed psuckher's ghost (weakling BaDe)
  4043 | D:5      | Reached skill level 10 in Polearms
  4619 | D:6      | Reached XP level 8. HP: 56/65 MP: 8/8
  5206 | D:6      | Reached skill level 7 in Fighting
  5947 | D:6      | Found a bloodstained altar of Trog.
  5961 | D:6      | Became a worshipper of Trog the Wrathful
  6456 | D:7      | Reached XP level 9. HP: 65/74 MP: 9/9
  6507 | D:7      | Found a staircase to the Ecumenical Temple.
  6543 | D:7      | Reached skill level 8 in Fighting
  7490 | D:7      | Reached skill level 9 in Fighting
  7785 | D:8      | Found an opulent altar of Gozag.
  7790 | D:8      | Noticed Maurice
  7922 | D:8      | Killed Maurice
  7923 | D:8      | Reached skill level 10 in Fighting
  8149 | D:8      | Found a snail-covered altar of Cheibriados.
  8160 | D:8      | Found a shimmering blue altar of Sif Muna.
  8436 | D:8      | Noticed a two-headed ogre
  8976 | Temple   | Entered the Ecumenical Temple
  9280 | D:8      | Reached skill level 11 in Fighting
  9289 | D:8      | Reached XP level 10. HP: 73/87 MP: 8/10
  9522 | D:8      | Reached skill level 1 in Dodging
  9530 | D:8      | Reached skill level 1 in Evocations
  9693 | D:8      | Reached * piety under Trog
  9781 | D:8      | Found a runed translucent gate.
  9781 | D:8      | Found a runed translucent gate.
  9782 | D:8      | Found a runed translucent gate.
  9782 | D:8      | Noticed sirJeffrey23's ghost (novice HOGl)
  9784 | D:8      | Found a basalt altar of Yredelemnul.
  9802 | D:8      | Noticed Joseph
  9981 | D:8      | Noticed Grum
 10220 | D:8      | Killed Joseph
 10224 | D:8      | Killed Grum
 10390 | D:8      | Killed a two-headed ogre
 10471 | D:8      | Killed sirJeffrey23's ghost
 10472 | D:8      | Reached skill level 5 in Dodging
 10572 | D:9      | Found Jaqiucue's Antique Armour Emporium.
 10574 | D:9      | Noticed Pikel
 10666 | D:9      | Noticed Maggie
 10671 | D:9      | Killed Maggie
 10738 | D:9      | Found a staircase to the Lair.
 10974 | D:9      | Killed Pikel
 10975 | D:9      | Reached XP level 11. HP: 92/93 MP: 11/11
 11021 | D:9      | Found a sacrificial altar of Ru.
 11109 | D:9      | Noticed Psyche
 11115 | D:9      | Killed Psyche
 11116 | D:9      | Reached skill level 5 in Evocations
 11728 | D:10     | Entered Level 10 of the Dungeon
 11774 | Lair:1   | Entered Level 1 of the Lair of Beasts
 11904 | Lair:1   | Noticed a five-headed hydra
 11950 | Lair:1   | Killed a five-headed hydra
 12495 | Lair:1   | Reached skill level 5 in Armour
 12895 | Lair:2   | Noticed a seven-headed hydra
 12915 | Lair:2   | Killed a seven-headed hydra
 13130 | Lair:2   | Noticed a four-headed hydra
 13142 | Lair:2   | Killed a four-headed hydra
 13283 | Lair:2   | Noticed an eight-headed hydra
 13608 | Lair:2   | Noticed an eight-headed hydra
 13624 | Lair:2   | Killed an eight-headed hydra
 14429 | Lair:2   | Killed an eight-headed hydra
 14802 | Lair:2   | Noticed a seven-headed hydra
 14835 | Lair:2   | Killed a seven-headed hydra
 14836 | Lair:2   | Reached XP level 12. HP: 69/100 MP: 5/12
 15111 | Lair:2   | Reached skill level 1 in Maces & Flails
 15226 | Lair:2   | Gained mutation: Your spells are a little harder to cast,
                  | but a little more powerful. [potion of mutation]
 15226 | Lair:2   | Gained mutation: You passively dampen the noise of your
                  | surroundings. [potion of mutation]
 15393 | Lair:2   | Noticed a boulder beetle
 15569 | Lair:2   | Found a hole to the Spider Nest.
 15631 | Lair:2   | Noticed a seven-headed hydra
 15645 | Lair:2   | Killed a seven-headed hydra
 15646 | Lair:2   | Reached skill level 10 in Dodging
 15826 | Lair:2   | Noticed a death yak
 15826 | Lair:2   | Noticed a death yak
 15851 | Lair:2   | Killed a death yak
 16200 | Lair:2   | Noticed a six-headed hydra
 16201 | Lair:2   | Noticed a death yak
 16618 | Lair:2   | Killed a six-headed hydra
 16627 | Lair:2   | Killed a boulder beetle
 17035 | Lair:2   | Killed a death yak
 17036 | Lair:2   | Reached skill level 12 in Fighting
 17094 | Lair:2   | Killed a death yak
 17626 | Lair:3   | Noticed a seven-headed hydra
 17652 | Lair:3   | Killed a seven-headed hydra
 17653 | Lair:3   | Reached skill level 5 in Maces & Flails
 17789 | Lair:3   | Found a bloodstained altar of Trog.
 17851 | Lair:3   | Reached ** piety under Trog
 18056 | Lair:3   | Noticed a catoblepas
 18076 | Lair:3   | Killed a catoblepas
 18314 | Lair:3   | Reached XP level 13. HP: 104/109 MP: 13/13
 18514 | Lair:3   | Found a staircase to the Shoals.
 19164 | Lair:2   | HP: 8/163 [death yak (9)]
 19168 | Lair:2   | Reached skill level 15 in Polearms
 19851 | Lair:4   | Reached skill level 13 in Fighting
 20908 | Lair:5   | Found a runed translucent gate.
 20908 | Lair:5   | Found a runed translucent gate.
 20909 | Lair:5   | Found a runed translucent gate.
 20917 | Lair:5   | Noticed flotson's ghost (journeyman DsGl)
 21089 | Lair:5   | Reached *** piety under Trog
 22005 | Lair:4   | Killed flotson's ghost
 22152 | Lair:6   | Entered Level 6 of the Lair of Beasts
 22198 | Lair:6   | Paralysed by a floating eye for 2 turns
 22203 | Lair:6   | Paralysed by a floating eye for 2 turns
 22207 | Lair:6   | Paralysed by a floating eye for 4 turns
 22686 | Lair:5   | Paralysed by a floating eye for 4 turns
 23003 | Lair:6   | Reached skill level 14 in Fighting
 23360 | Lair:6   | Reached XP level 14. HP: 120/120 MP: 14/14
 23751 | Lair:6   | Found a staircase to the Slime Pits.
 24294 | Lair:6   | Reached skill level 15 in Dodging
 24593 | Lair:6   | Reached skill level 15 in Fighting
 24637 | Lair:6   | Reached **** piety under Trog
 27023 | D:9      | Bought the -2 hat of the Alchemist {rElec rPois rF+ rC+ rN+
                  | Will+ rMut rCorr} for 1180 gold pieces
 27023 | D:9      | Found the -2 hat of the Alchemist {rElec rPois rF+ rC+ rN+
                  | Will+ rMut rCorr}
 27071 | D:11     | Found Ceikog's Antique Weapon Shop.
 27159 | D:11     | Reached ***** piety under Trog
 27323 | D:11     | Found a staircase to the Orcish Mines.
 27636 | D:11     | Reached skill level 16 in Fighting
 28219 | Orc:1    | Entered Level 1 of the Orcish Mines
 28551 | D:11     | Reached XP level 15. HP: 113/132 MP: 7/15
 28757 | D:11     | Identified the +11 morningstar of Qaboemid {flame, Fragile
                  | rC+ rCorr Str+5} (Trog gifted it to you on level 11 of the
                  | Dungeon)
 28757 | D:11     | Received a gift from Trog
 29682 | Orc:2    | Entered Level 2 of the Orcish Mines
 29773 | Orc:2    | Noticed Rupert
 29792 | Orc:2    | Paralysed by Rupert for 6 turns
 29807 | Orc:2    | Killed Rupert
 30018 | Orc:2    | Found a staircase to the Elven Halls.
 30801 | Orc:2    | Received a gift from Trog
 30849 | Orc:2    | Found Akitrier's Weapon Boutique.
 31164 | Orc:2    | Reached skill level 17 in Fighting
 31364 | Orc:2    | Found Raumot Zuon's Book Emporium.
 31499 | Orc:2    | Found Foesyd's Antique Weapon Emporium.
 31501 | Orc:2    | Found Ykaybron's Distillery.
 31510 | Orc:2    | Bought a potion of heal wounds for 75 gold pieces
 31510 | Orc:2    | Bought a potion of haste for 150 gold pieces
 31700 | D:11     | Identified the +1 robe of Midwinter {Will+}
 31867 | Lair:5   | Identified the +1 leather armour of Hide-and-Seek {Str+8}
 33583 | D:13     | Found a gate to the Vaults.
 34048 | D:13     | Received a gift from Trog
 36524 | D:15     | Entered Level 15 of the Dungeon
 36525 | D:15     | Noticed Azrael
 36543 | D:15     | Killed Azrael
 36553 | D:15     | Reached XP level 16. HP: 123/143 MP: 14/16
 36904 | D:15     | Noticed Jorgrun
 36920 | D:15     | Killed Jorgrun
 36926 | D:15     | Reached skill level 18 in Fighting
 37036 | D:15     | Found a staircase to the Depths.
 37311 | D:15     | Noticed Kirke
 37407 | D:15     | Killed Kirke
 37984 | D:15     | Found a radiant altar of Vehumet.
 38236 | Shoals:1 | Entered Level 1 of the Shoals
 38537 | Shoals:1 | Received a gift from Trog
 38711 | Shoals:1 | Reached skill level 10 in Evocations
 39474 | Shoals:1 | Identified the +1 ring mail "Fiysag" {rF+}
 40486 | D:9      | Bought a tower shield for 112 gold pieces
 40601 | Orc:2    | Bought a manual of Shields for 1040 gold pieces
 41278 | Shoals:2 | Noticed Ilsuiw
 41497 | Shoals:2 | Reached skill level 5 in Shields
 41540 | Shoals:2 | Reached skill level 19 in Fighting
 43041 | Shoals:3 | Reached ****** piety under Trog
 43115 | Shoals:3 | Noticed Louise
 43144 | Shoals:3 | Killed Louise
 43145 | Shoals:3 | Reached XP level 17. HP: 153/153 MP: 15/17
 43751 | Shoals:3 | Reached skill level 10 in Shields
 45386 | Shoals:1 | Killed Ilsuiw
 45525 | Spider:1 | Entered Level 1 of the Spider Nest
 47056 | Spider:1 | Received a gift from Trog
 49052 | Spider:2 | Reached skill level 15 in Shields
 49244 | Spider:2 | Identified the +10 quarterstaff "Lifebane" {vorpal, Will+
                  | rCorr} (Trog gifted it to you on level 2 of the Spider
                  | Nest)
 49244 | Spider:2 | Received a gift from Trog
 49617 | Spider:2 | Reached XP level 18. HP: 160/160 MP: 18/18
 50610 | Spider:3 | Found a frozen archway.
 50617 | Spider:3 | Reached skill level 10 in Armour
 50644 | IceCv    | Entered an ice cave
 50816 | IceCv    | Reached XP level 19. HP: 123/166 MP: 16/19
 52111 | IceCv    | Identified the ring "Vioxt" {Ice Str+4 Int+4 Dex+2}
 52202 | IceCv    | Identified the +8 trident of the Evening {flame, rPois
                  | Str+3} (Trog gifted it to you in an ice cave)
 52202 | IceCv    | Received a gift from Trog
 54075 | Elf:1    | Entered Level 1 of the Elven Halls
 55833 | Elf:1    | Paralysed by an air elemental for 1 turns
 56147 | Elf:2    | Found a runed translucent gate.
 56155 | Elf:2    | Found a runed translucent gate.
 56155 | Elf:2    | Found a runed translucent gate.
 56892 | Elf:2    | Paralysed by an air elemental for 1 turns
 57248 | Elf:2    | Reached skill level 20 in Fighting
 57656 | Shoals:4 | Entered Level 4 of the Shoals
 57667 | Shoals:4 | Received a gift from Trog
 57850 | Shoals:4 | Identified the +0 chain mail of Makhleb's Esteem {+Inv
                  | rElec Str+2 Slay+2}
 58612 | Shoals:4 | Identified the amulet "Odghob" {Faith Will+ Regen+}
 59344 | Shoals:4 | Received a gift from Trog
 59375 | Shoals:4 | Identified the +11 arbalest "Ramil" {venom, +Blink rF+
                  | Will+}
 59500 | Shoals:4 | Got a barnacled rune of Zot
 60118 | Spider:4 | Entered Level 4 of the Spider Nest
 60275 | Spider:4 | Reached XP level 20. HP: 176/177 MP: 20/20
 60337 | Spider:4 | Noticed Arachne
 60440 | Spider:4 | Killed Arachne
 61455 | Spider:4 | Received a gift from Trog
 62635 | Spider:4 | Got a gossamer rune of Zot
 62908 | Vaults:1 | Entered Level 1 of the Vaults
 63104 | Vaults:1 | Reached skill level 21 in Fighting
 64267 | Vaults:1 | Identified the +6 flail of Unorphiu {flame, rPois rF+ Will+
                  | Int-3} (Trog gifted it to you on level 1 of the Vaults)
 64267 | Vaults:1 | Received a gift from Trog
 66400 | Vaults:2 | Reached XP level 21. HP: 182/188 MP: 21/21
 66412 | Vaults:2 | Received a gift from Trog
 66517 | Vaults:2 | Reached skill level 22 in Fighting
 67820 | Vaults:2 | Found a staircase to the Crypt.
 67961 | Vaults:3 | Received a gift from Trog
 68836 | Vaults:3 | Received a gift from Trog
 69070 | Vaults:3 | Reached skill level 23 in Fighting
 70060 | Vaults:4 | Received a gift from Trog
 70085 | Vaults:4 | Found Toupn's Book Shoppe.
 70255 | Vaults:4 | Reached XP level 22. HP: 200/200 MP: 22/22
 70523 | Vaults:4 | Noticed Donald
 70543 | Vaults:4 | Killed Donald
 70794 | Vaults:4 | Noticed Boris
 70816 | Vaults:4 | Killed Boris
 71464 | Depths:1 | Entered Level 1 of the Depths
 71899 | Depths:1 | Reached skill level 24 in Fighting
 71933 | Depths:1 | Found a one-way gateway to a ziggurat.
 71943 | Depths:1 | Found a runed translucent door.
 72306 | Depths:1 | Found a gateway to Hell.
 72734 | Depths:1 | Identified the +1 robe of Idealism {Harm rF+ Will- Dex+3}
 72736 | Depths:1 | Identified the +1 chain mail "Vuumer" {MP+9}
 73054 | D:15     | Identified the +5 flail of a ziggurat {vorpal, Contam rElec
                  | rN+++ Str-2} (Trog gifted it to you on level 15 of the
                  | Dungeon)
 73054 | D:15     | Received a gift from Trog
 73604 | Depths:1 | Identified the +1 chain mail of Teplyuhu {rC+ rCorr Int-4}
 74277 | Depths:2 | Noticed a juggernaut
 74302 | Depths:2 | Killed a juggernaut
 74772 | Depths:3 | Reached XP level 23. HP: 189/211 MP: 23/23
 74790 | Depths:3 | Received a gift from Trog
 75058 | Depths:3 | Found a one-way gate to the infinite horrors of the Abyss.
 75093 | Depths:3 | Reached skill level 25 in Fighting
 75426 | Depths:3 | Found a bloodstained altar of Trog.
 75837 | Depths:2 | Found a shadowy altar of Dithmenos.
 76351 | Depths:2 | Noticed a caustic shrike
 76382 | Depths:2 | Killed a caustic shrike
 76734 | Depths:2 | Found a one-way gate leading to the halls of Pandemonium.
 77395 | Depths:3 | Received a gift from Trog
 78068 | Depths:3 | Received a gift from Trog
 78308 | Depths:3 | Identified the +11 giant club of Dishonour {vamp, Will+}
 78308 | Depths:3 | Identified the +2 giant club of Reason {flame, rC+ Str+7}
 78348 | Depths:3 | Reached skill level 26 in Fighting
 78481 | Depths:3 | Noticed the Enchantress
 78734 | Depths:3 | Cast into level 2 of the Abyss (the Enchantress)
 78734 | Abyss:2  | Found a corrupted altar of Lugonu.
 78840 | Abyss:2  | Gained mutation: You are clumsy. (Dex -2) [a neqoxec]
 78922 | Abyss:2  | Paralysed by accursed screaming for 1 turns
 79276 | Abyss:2  | Noticed an ancient lich
 79322 | Abyss:2  | Killed an ancient lich
 79359 | Depths:3 | Escaped the Abyss
 79596 | Depths:3 | Killed the Enchantress
 79697 | Depths:3 | Identified the +2 scimitar "Goinloloy" {freeze, rElec rN+
                  | Dex-4}
 79712 | Depths:3 | Identified the +1 dagger of the Pit {drain, rElec Dex+2
                  | SInv Stlth+}
 79751 | Depths:4 | Entered Level 4 of the Depths
 81091 | Depths:4 | Paralysed by a floating eye for 4 turns
 81100 | Depths:4 | Paralysed by a floating eye for 4 turns
 81111 | Depths:4 | Paralysed by a floating eye for 3 turns
 81171 | Depths:4 | Noticed a caustic shrike
 81194 | Depths:4 | Killed a caustic shrike
 81349 | Depths:4 | Received a gift from Trog
 81473 | Depths:4 | Noticed Saint Roka
 81725 | Depths:4 | Killed Saint Roka
 82046 | Depths:4 | Found a gate to the Realm of Zot.
 82251 | Depths:4 | Reached XP level 24. HP: 221/222 MP: 23/23
 83011 | Vaults:5 | Entered Level 5 of the Vaults
 83070 | Vaults:4 | Reached skill level 27 in Fighting
 83552 | Vaults:4 | Received a gift from Trog
 83649 | Vaults:5 | Noticed a dread lich
 83674 | Vaults:4 | Killed a dread lich
 83878 | Vaults:5 | Identified the +9 long sword "Muberu" {flame, Int+4}
 84053 | Vaults:5 | Got a silver rune of Zot
 84359 | Vaults:5 | Received a gift from Trog
 84455 | Vaults:5 | Identified the +3 mace of Metwosk {drain, rF+}
 85248 | Vaults:5 | Noticed an ancient lich
 85293 | Vaults:5 | Killed an ancient lich
 85412 | Vaults:5 | Identified the ring "Paguthru" {rElec rC+ AC+4 SInv}
 85975 | Vaults:5 | Identified the +10 glaive "Iluufar" {vorpal, Drain Str+2
                  | Stlth+} (Trog gifted it to you on level 5 of the Vaults)
 85975 | Vaults:5 | Received a gift from Trog
 86226 | Vaults:5 | Reached XP level 25. HP: 211/229 MP: 23/23
 86455 | Vaults:5 | Identified the +4 short sword of Lust {freeze, *Noise rCorr
                  | MP+9 Str+4}
 86467 | Vaults:5 | Identified the +9 morningstar "Jaodublo" {freeze, Str+4}
 86590 | Vaults:5 | Identified the +2 pair of gloves "Jeqei" {Contam rN+ MP+9}
 86706 | Vaults:5 | Identified the +5 rapier "Orchata" {antimagic, Will+ Str+7
                  | Dex-2 SInv}
 87014 | Orc:2    | Bought a potion of mutation for 120 gold pieces
 87014 | Orc:2    | Bought a potion of invisibility for 120 gold pieces
 87336 | Zot:1    | Entered Level 1 of the Realm of Zot
 87369 | Zot:1    | Mangled by a shadow dragon

Illustrated notes

Levels and vault maps discovered:
D:1:      shiori_arrival_oz, layout_loops_ring, ebering_ecumenical_altar_webs,
          serial_shops, nicolae_shop_behind_doors, minmay_circled_x
D:2:      layout_basic
D:3:      layout_loops_corners
D:4:      layout_cave_pools, pdpol_wu_jian_five_deadly_venoms,
          nicolae_uskayaw_suspiria, serial_park, serial_park_tiny_2,
          serial_park_paths [serial_park_minivault_5x5_1], serial_park_square3
          [serial_park_minivault_5x5_7], serial_park_gazebo
          [serial_park_minivault_5x5_7], kennysheep_decorative_pillar
D:5:      layout_basic, mainiacjoe_overflow_tiny_flanked,
          ebering_ghost_rock_garden
D:6:      layout_rooms, mainiacjoe_overflow_surrounded_room, nicolae_sextant
D:7:      layout_basic, minmay_temple_entry_oklob
D:8:      layout_basic, lemuel_round_altar, nicolae_yredelemnul_ghost_church,
          mainiacjoe_overflow_large_starburst, lightli_minifort, uniq_maurice,
          uniq_joseph, uniq_grum
D:9:      layout_irregular_city, nicolae_ru_the_path_less_chosen,
          lair_entry_dummy, serial_shops, nicolae_stop_n_shop_1, uniq_pikel,
          uniq_psyche, uniq_maggie
D:10:     layout_stronghold
D:11:     layout_cross, david_orc_5, serial_shops, nicolae_shop_waterfront
D:12:     layout_basic, hangedman_abyss_or_decor_stabs, kennysheep_cross_room,
          minmay_crystal_room, einodemon_barbed_minivault
D:13:     layout_basic, skrybe_vaults_entry_preservation
D:14:     layout_basic
D:15:     hangedman_depths_entry_civil_slaughter, layout_rooms,
          nicolae_vehumet_radiance, minmay_misc_feat_room,
          hangedman_abyss_or_decor_jellyfish_corner, uniq_azrael, uniq_jorgrun,
          uniq_kirke
Temple:   oiseaux_autumnal_temple
Lair:1:   layout_chaotic_city
Lair:2:   nzn_winding_woodlands_large [nzn_winding_woodlands_5x5_cross,
          nzn_winding_woodlands_5x15_cabin,
          nzn_winding_woodlands_5x5_checkerboard,
          nzn_winding_woodlands_center_pierced_h,
          nzn_winding_woodlands_15x15_eel_pit,
          nzn_winding_woodlands_center_garden,
          nzn_winding_woodlands_5x5_closed_star,
          nzn_winding_woodlands_5x15_sawtooth,
          nzn_winding_woodlands_5x5_default], layout_gridlike,
          spider_nest_entry_webs, beast_lair_carwin_3
Lair:3:   layout_chaotic_city, elwin_shoals_entry_rooms, basic_altar,
          serial_bayou_shore_a
Lair:4:   gammafunk_indiana_jones, layout_gridlike, cheibrodos_lair_lostbears,
          grunt_megastairs_5
Lair:5:   layout_cave_pods, gammafunk_ghost_split
Lair:6:   minmay_lair_end_enchanted_forest, layout_small_grid, slime_dummy,
          disabler_island, infiniplex_staircase_pool
Shoals:1: layout_shoals, nicolae_shoals_arrival_archipelago
Shoals:2: layout_shoals, nicolae_shoals_dead_sea_scrolls, uniq_ilsuiw
Shoals:3: layout_shoals, nicolae_shoals_square_sea_wall, uniq_louise
Shoals:4: shoals_end_grunt_garden, layout_shoals,
          nicolae_shoals_lost_giant_baths
Spider:1: layout_spider_delve
Spider:2: layout_spider_delve
Spider:3: layout_spider_delve, portal_ice_cave_entry_frozen_things
Spider:4: spider_rune_water, uniq_arachne
Orc:1:    layout_caves
Orc:2:    st_orc_elflike, layout_diamond_mine, uniq_rupert
Elf:1:    elf_arrival_002, layout_onion_city, minmay_elf_crystal_heptagon
Elf:2:    nicolae_elf_blades_splatter_lattice [nicolae_blade_tridents],
          layout_gridlike, nicolae_elevator_lobby_plus
Vaults:1: nicolae_vaults_network_barrier, ontoclasm_vaults_pinch, v_misc_13,
          vaults_room_corners, nicolae_vaults_yaktaur_gun_rack,
          vaults_mumra_minichess, v_misc_11, ontoclasm_vaults_eye,
          layout_vaults_omnigrid
Vaults:2: minmay_crypt_entry_simple_walls, vaults_room_boxed,
          vaults_standard_mumra_lines, st_cross, v_misc_30, v_misc_22,
          vaults_room_large_hall, grunt_vaults_hallway_long,
          grunt_vaults_diagonal, vaults_room_grunt_arrival_checkpoint,
          v_rooms_2, nicolae_vaults_little_squares_2, v_misc_11,
          vaults_dpeg_encased_lava, layout_vaults_ring
Vaults:3: v_alt_pattern_4, grunt_vaults_funnel, nicolae_vaults_network_quincunx
          [nicolae_vaults_network_quincunx_subvault,
          nicolae_vaults_network_quincunx_subvault,
          nicolae_vaults_network_quincunx_subvault,
          nicolae_vaults_network_quincunx_subvault,
          nicolae_vaults_network_quincunx_subvault], nicolae_vaults_theta,
          vaults_room_octagon, vaults_room_stairs_pillars,
          layout_vaults_chaotic_city
Vaults:4: nicolae_vaults_little_squares_5, v_pattern_2,
          nicolae_vaults_know_your_exits, nicolae_vaults_network_star,
          vaults_room_pools, nicolae_vaults_network_s, vaults_room_large_hall,
          v_misc_19, hangedman_vaults_variations, nicolae_vaults_asterisk,
          hangedman_vaults_capsules, nicolae_vaults_specimen_jars, v_misc_31,
          nicolae_vaults_little_squares_6, ontoclasm_vaults_ring_small,
          layout_vaults_omnibox, serial_shops, shop_statue, uniq_donald,
          uniq_boris
Vaults:5
Depths:1: layout_small_grid, enter_ziggurat_d, lightli_too_deep,
          kennysheep_doodads, minmay_liquid_box, minmay_acid_items
Depths:2: cheibrodos_salmonella, layout_honeycomb, rand_demon_pan_entry_1,
          pf_hell_entry_tar_spiral, nicolae_concentric_dashed_squares_mild,
          nicolae_dithmenos_shadow_blocks, infiniplex_staircase_9_rooms
Depths:3: spriggan_forest, hell_entry, abyss_entry
Depths:4: grunt_zot_entry_gee_three, layout_gridlike, hangedman_coc_ice_floe,
          hangedman_abyss_or_decor_passed, hangedman_corner_corridor,
          uniq_saint_roka
Zot:1:    layout_onion, zot_minivault_6, grunt_megastairs_2

Skill      XL: |  1  2  3  4  5  6  7  8  9 10 11 12 13 14 15 16 17 18 19 20 21 22 23 24 |
---------------+-------------------------------------------------------------------------+-----
Polearms       | 4 5 6 7 9 10 13 14 16 | 16.0
Fighting       | 4 5 6 7 11 12 14 16 17 19 20 21 23 24 26 27 | 27.0
Dodging        | 6 9 11 14 17 18 19 20 21 22 | 22.9
Evocations     | 4 7 9 10 11 12 | 12.0
Armour         | 4 6 7 8 9 10 11 12 13 14 | 14.5
Maces & Flails | 5 |  5.9
Shields        | 8 15 16 17 18 19 21 | 21.0

Action                   |  1- 3 |  4- 6 |  7- 9 | 10-12 | 13-15 | 16-18 | 19-21 | 22-24 | 25-27 || total
-------------------------+-------+-------+-------+-------+-------+-------+-------+-------+-------++-------
Melee: Trident           |   116 |   172 |   407 |    18 |       |       |       |       |       ||   713
       Halberd           |       |       |       |   362 |  1396 |   330 |       |       |       ||  2088
       Morningstar       |       |       |       |    49 |    14 |       |       |       |       ||    63
       Punch             |       |       |       |     2 |       |       |       |       |       ||     2
       Dire flail        |       |       |       |       |     9 |       |       |       |       ||     9
       Demon trident     |       |       |       |       |       |  1055 |  3241 |  3679 |    33 ||  8008
       Tailslap          |       |       |       |       |       |    21 |    11 |     1 |       ||    33
Throw: Dart              |       |       |     1 |     2 |       |       |       |       |       ||     3
       Throwing net      |       |       |       |       |       |     2 |       |       |       ||     2
Invok: Berserk           |       |       |       |    15 |    13 |    10 |     5 |    13 |     1 ||    57
       Brothers in Arms  |       |       |       |       |       |       |       |     3 |       ||     3
       Trog's Hand       |       |       |       |       |       |       |       |     1 |       ||     1
Evoke: Wand              |       |       |     2 |     8 |       |       |       |       |       ||    10
  Use: Scroll            |       |       |    10 |     6 |    12 |    10 |     7 |     8 |     3 ||    56
       Potion            |       |       |     1 |     7 |       |     1 |     2 |     4 |     1 ||    16
 Stab: Distracted        |       |       |     1 |     1 |       |       |     1 |       |       ||     3
       Sleeping          |       |       |       |       |     3 |       |       |       |       ||     3
Armor: Scale mail        |    46 |    54 |    90 |       |       |       |       |       |       ||   190
       Chain mail        |       |       |    12 |   110 |       |       |     8 |       |       ||   130
       Ring mail         |       |       |       |    68 |   156 |       |       |       |       ||   224
       Plate armour      |       |       |       |       |   353 |   656 |   942 |   538 |       ||  2489
       Acid dragon scale |       |       |       |       |       |       |       |   322 |    42 ||   364
Dodge: Dodged            |    42 |    44 |   110 |   243 |   775 |   554 |   590 |  1014 |    48 ||  3420
Block: Buckler           |    23 |    24 |    67 |     2 |       |       |       |       |       ||   116
       Tower shield      |       |       |       |       |       |  1047 |  2665 |  3347 |   102 ||  7161

Table legend: (Time is in decaauts)
 A = Elapsed time spent in this place.
 B = Non-inter-level travel time spent in this place.
 C = Inter-level travel time spent in this place.
 D = Time resting spent in this place.
 E = Time spent auto-exploring this place.
 F = Levels seen in this place.
 G = Mean time per level.
                   A        B        C        D        E       F      G
               +--------+--------+--------+--------+--------+-----+--------+
         Total |  84462 |  77596 |   6866 |  29817 |  30132 |  46 | 1836.1 |
       Dungeon |  21745 |  19995 |   1750 |   6588 |  10494 |  15 | 1449.7 |
        Temple |    203 |    187 |     16 |      0 |    170 |   1 |  203.0 |
          Lair |  15842 |  14275 |   1567 |   7326 |   4864 |   6 | 2640.3 |
        Shoals |   8411 |   7818 |    593 |   4119 |   2079 |   4 | 2102.8 |
   Spider Nest |   8075 |   7758 |    317 |   3647 |   2147 |   4 | 2018.8 |
  Orcish Mines |   2982 |   2515 |    467 |   1014 |    933 |   2 | 1491.0 |
   Elven Halls |   3193 |   3043 |    150 |    875 |   1494 |   2 | 1596.5 |
        Vaults |  12021 |  11056 |    965 |   2596 |   4376 |   5 | 2404.2 |
        Depths |   9700 |   8663 |   1037 |   2533 |   3379 |   4 | 2425.0 |
           Zot |     20 |     20 |      0 |      0 |      0 |   1 |   20.0 |
         Abyss |    598 |    598 |      0 |    126 |      0 |   1 |  598.0 |
      Ice Cave |   1668 |   1668 |      0 |    988 |    194 |   1 | 1668.0 |
               +--------+--------+--------+--------+--------+-----+--------+

Top non-repeatable levels by time:
  Lair:2: 5105 daAuts
Depths:3: 3170 daAuts
Shoals:2: 2967 daAuts
Vaults:1: 2810 daAuts
Vaults:4: 2765 daAuts
  Lair:6: 2683 daAuts
  Lair:1: 2497 daAuts
Vaults:2: 2397 daAuts
Spider:4: 2352 daAuts
Vaults:5: 2310 daAuts
    D:13: 2296 daAuts
     D:7: 2255 daAuts
Depths:1: 2243 daAuts
Depths:2: 2223 daAuts
Spider:1: 2080 daAuts
